 Dungeon Crawl Stone Soup version 0.23.0-33-g5e6c059 (webtiles) character file.

Game seed: 16657075715890164247

32 Borgoz the Sneak (level 3, -1/28 HPs)
             Began as a Ghoul Enchanter on Feb 26, 2019.
             Slain by an adder (2 damage)
             ... on level 2 of the Dungeon.
             The game lasted 00:03:33 (1126 turns).

Borgoz the Sneak (Ghoul Enchanter)                  Turns: 1126, Time: 00:03:33

Health: -1/28      AC:  4    Str: 11    XL:     3   Next: 25%
Magic:  5/5        EV: 12    Int: 10    God:
Gold:   53         SH:  0    Dex: 10    Spells: 3/6 levels left

rFire    . . .     SeeInvis .     - Unarmed
rCold    + . .     Gourm    .   (no shield)
rNeg     + + +     Faith    .   b - +0 robe
rPois    ∞         Spirit   .   k - +0 helmet
rElec    .         Reflect  .   g - +0 cloak
rCorr    .         Harm     .   (no gloves)
MR       .....                  (no boots)
Stlth    ++........             (no amulet)
HPRegen  0.00/turn              (no ring)
MPRegen  0.09/turn              (no ring)

@: rotting
A: rotting body, claws 1, carnivore, cold resistance 1, negative energy
resistance 3, inhibited regeneration, torment resistance, unbreathing
a: no special abilities


You were on level 2 of the Dungeon.
You were not hungry.

You visited 1 branch of the dungeon, and saw 2 of its levels.

You collected 53 gold pieces.

Inventory:

Armour
 b - a +0 robe (worn)
 g - a +0 cloak (worn)
 k - a +0 helmet (worn)
Scrolls
 a - a scroll of magic mapping {unknown}
 e - 3 scrolls of identify {unknown}
 i - 2 scrolls of teleportation {unknown}
 j - a scroll of enchant weapon {unknown}
Potions
 c - a potion of might {unknown}
 h - a potion of curing {unknown}
Comestibles
 d - 3 rations


   Skills:
 + Level 1.2 Fighting
   Level 0.8 Short Blades
 - Level 2.1 Dodging
 - Level 3.2 Stealth
 + Level 1.7 Unarmed Combat
 + Level 2.1 Spellcasting
 - Level 2.4 Hexes


You had 3 spell levels left.
You knew the following spells:

 Your Spells              Type           Power        Failure   Level  Hunger
a - Corona                Hex            #......      12%         1    ##.....
b - Ensorcelled Hibernat  Hex/Ice        #.....       28%         2    ###....

Your spell library contained the following spells:

 Spells                   Type           Power        Failure   Level  Hunger
 Confuse                  Hex            #.......     34%         3    ####...
 Tukima's Dance           Hex            #.......     34%         3    ####...
 Dazzling Spray           Conj/Hex       #.....       50%         3    ####...


Dungeon Overview and Level Annotations

Branches:
Dungeon (2/15)

Altars:


Innate Abilities, Weirdness & Mutations

Your body is rotting away.
You thrive on raw meat.
You are immune to poison.
You have sharp fingernails.
You are carnivorous and can eat meat at any time.
Your flesh is cold resistant. (rC+)
You are immune to negative energy. (rN+++)
You do not regenerate when monsters are visible.
You are immune to unholy pain and torment.
You can survive without breathing.


Message History

You barely miss the adder.
The adder is heavily wounded.
The adder bites you. x2
You completely miss the adder.
The adder is heavily wounded.
The adder bites you but does no damage.
You scratch the adder but do no damage.
The adder is heavily wounded.
The adder bites you.
You miss the adder.
The adder is heavily wounded.
The adder bites you.
* * * LOW HITPOINT WARNING * * *
The leopard gecko bites you.
* * * LOW HITPOINT WARNING * * *
The adder bites you.
* * * LOW HITPOINT WARNING * * *
You see here a dart slug corpse.
You butcher the dart slug corpse.
The adder bites you.
You die...

#. #+ .....#
.#.#+#.#.....##
......#......
#..........
+........# #....%...#
. #.##........## ..
#............# ... ..
..#)..@S.g..#.... ...
#.#....l##....<..
...##.#..###.........
......#..............
..............†......
#...........##.......
#.....).....# .#.....
#.........#.# .#.....
#.........#.# .. ....


You could see an adder, a leopard gecko and a hobgoblin.

Vanquished Creatures
  An ooze (D:1)
  A dart slug (D:2)
  A ball python (D:1)
  6 bats
  A giant cockroach (D:1)
  3 goblins (D:1)
  2 hobgoblins
  4 jackals (D:1)
  4 rats (D:1)
23 creatures vanquished.

Notes
Turn   | Place    | Note
-------+----------+-------------------------------------------
     0 | D:1      | Borgoz the Ghoul Enchanter began the quest for the Orb.
     0 | D:1      | Reached XP level 1. HP: 14/14 MP: 2/2
    59 | D:1      | Reached XP level 2. HP: 16/22 MP: 3/3
   163 | D:1      | Reached skill level 1 in Unarmed Combat
   403 | D:1      | Learned a level 2 spell: Ensorcelled Hibernation
   679 | D:1      | Reached skill level 1 in Fighting
   783 | D:1      | Reached XP level 3. HP: 28/28 MP: 5/5
  1123 | D:2      | HP: 1/28 [adder (2)]
  1126 | D:2      | Slain by an adder

Skill      XL: |  1  2 |
---------------+-------+-----
Unarmed Combat | 1 |  1.7
Dodging        | 2 |  2.1
Spellcasting   | 2 |  2.1
Fighting       | 1 |  1.2
Short Blades   | |  0.8
Stealth        | |  3.2
Hexes          | |  2.4

Action                   || total
-------------------------++-------
Melee: Unarmed           ||   104
       Punch             ||     1
  Use: Potion            ||     3
 Stab: Sleeping          ||     7
  Eat: Chunk             ||     5
Armor: Robe              ||    27
Dodge: Dodged            ||    78
